 Dungeon Crawl Stone Soup version 0.28-a0-410-gbef64dd269 (webtiles) character file.

Game seed: 2248701608412715474

196 zezblit the Sneak (level 6, -1/36 HPs)
             Began as a Kobold Brigand on Sept 5, 2021.
             Slain by Grinder (2 damage)
             ... while paralysed by Grinder
             ... on level 4 of the Dungeon on Sept 6, 2021.
             The game lasted 00:22:54 (4272 turns).

zezblit the Sneak (Kobold Brigand)                  Turns: 4272, Time: 00:22:55

Health: -1/36      AC:  9    Str: 10    XL:     6   Next: 4%
Magic:  0/6        EV:  3    Int: 13    God:
Gold:   177        SH:  0    Dex: 16    Spells: 5/5 levels left

rFire   . . .      SeeInvis .   a - +2 dagger
rCold   . . .      Faith    .   r - +0 buckler
rNeg    . . .      Spirit   +   z - +3 ring mail
rPois   .          Reflect  .   (no helmet)
rElec   .          Harm     .   c - +0 cloak
rCorr   .          Rampage  .   (no gloves)
Will    .....                   (no boots)
Stlth   ++++......              y - amulet of guardian spirit
HPRegen 0.12/turn               (no ring)
MPRegen 0.10/turn               (no ring)

@: paralysed
A: small, no large weapons, nightstalker 3
a: no special abilities


You were on level 4 of the Dungeon.
You visited 1 branch of the dungeon, and saw 4 of its levels.

You collected 177 gold pieces.

Inventory:

Hand Weapons
 a - a +2 dagger (weapon)
 g - a +4 whip
 q - a +0 hunting sling
Missiles
 d - 4 poisoned darts (quivered)
 h - 57 stones
 l - 106 arrows
Armour
 b - a +0 robe
 c - a +0 cloak (worn)
 r - a +0 buckler (worn)
 z - a +3 ring mail (worn)
Magical Staves
 w - a staff of fire
Jewellery
 v - an amulet of the acrobat
 y - an amulet of guardian spirit (around neck)
Wands
 t - a wand of flame (6)
Scrolls
 e - a scroll of noise {unknown}
 f - 2 scrolls of enchant armour {unknown}
 j - a scroll of identify {unknown}
 n - a scroll of blinking {unknown}
 o - a scroll of holy word {unknown}
 s - a scroll of acquirement {unknown}
 x - 2 scrolls of teleportation {unknown}
Potions
 i - a potion of invisibility {unknown}
 k - a potion of lignification {unknown}
 m - a potion of heal wounds {unknown}
 p - a potion of haste {unknown}
 u - a potion of resistance {unknown}


   Skills:
 + Level 2.6 Fighting
 + Level 4.1 Short Blades
 + Level 3.3 Throwing
 + Level 1.1 Armour
 + Level 2.0 Dodging
 + Level 7.1 Stealth
 + Level 0.1 Shields


You had 5 spell levels left.
You didn't know any spells.
Your spell library contained the following spells:

 Spells                   Type           Power      Damage    Failure   Level
 Dazzling Flash           Conj/Hex       0%         N/A       98%         3
 Iskenderun's Mystic Bla  Conj/Tloc      0%         2d3       100%        4
 Starburst                Conj/Fire      0%         6d3       100%        6


Dungeon Overview and Level Annotations

Branches:
Dungeon (4/15)
 Temple: D:4-7

Altars:
Nemelex Xobeh

Annotations:
D:4 Grinder


Innate Abilities, Weirdness & Mutations

You are small and have problems with some larger weapons.
You are completely attuned to the shadows.


Message History

The helpless adder skeleton fails to defend itself.
You spit the adder skeleton like a pig!!!
You destroy the adder skeleton!
You see here a +0 robe.
Grinder comes into view.
Grinder shouts!
Grinder gestures at you.
You barely resist. Grinder hits you.
You writhe in agony.
You barely miss Grinder. You block Grinder's attack.
You closely miss Grinder. Grinder gestures at you.
Pain shoots through your body!
You are too injured to fight recklessly!
Okay, then.
Throw: 2 darts (curare)
Press: ? - help, Q - select action, (/) - cycle Shift-Dir - straight line, f - Grinder
Aim: Grinder (58% to hit)
You throw a curare-tipped dart. The curare-tipped dart hits Grinder.
Grinder hits you.
You writhe in agony.
Throw: dart (curare)
Press: ? - help, Q - select action, (/) - cycle Shift-Dir - straight line, f/p - Grinder
Aim: Grinder (58% to hit)
You throw a curare-tipped dart. The curare-tipped dart hits Grinder.
Grinder hits you.
Throw: 5 darts (poison)
Press: ? - help, Q - select action, (/) - cycle Shift-Dir - straight line, f/p - Grinder
Aim: Grinder (58% to hit)
You throw a poisoned dart. The poisoned dart hits Grinder.
Grinder is poisoned.
Grinder gestures at you.
You suddenly lose the ability to move!
Grinder hits you.
You writhe in agony.
Grinder hits you.
You writhe in agony.
* * * LOW HITPOINT WARNING * * *
Grinder gestures at you. Pain shoots through your body!
* * * LOW HITPOINT WARNING * * *
Grinder hits you but does no damage. Grinder hits you.
You die...

#.# .. ## .#
#....#####.#
......#..@5#
.###..##..####
..#........#
........###..
#.##....## ...
#..#....#. ..
#........
#........
#........


You could see Grinder (poisoned).

Vanquished Creatures
  Ijyb (D:3)
  Natasha (twice) (D:2)
  An orc wizard (D:2)
  3 adders
  An adder skeleton (D:4)
  2 worms (D:2)
  4 dart slugs
  10 ball pythons
  6 bats
  5 endoplasms
  3 giant cockroaches
  3 goblins
  A hobgoblin (D:2)
  3 quokkas
  3 frilled lizards
  4 kobolds
  5 rats
57 creatures vanquished.

Notes
Turn   | Place    | Note
-------+----------+-------------------------------------------
     0 | D:1      | zezblit the Kobold Brigand began the quest for the Orb.
     0 | D:1      | Reached XP level 1. HP: 12/12 MP: 1/1
     7 | D:1      | Noticed a polar bear
     7 | D:1      | Noticed a hog
    69 | D:1      | Noticed a black mamba
   182 | D:1      | Reached XP level 2. HP: 17/17 MP: 2/2
   296 | D:1      | Reached skill level 6 in Stealth
   556 | D:1      | Reached XP level 3. HP: 22/22 MP: 3/3
  1666 | D:2      | Noticed Natasha
  1671 | D:2      | Killed Natasha
  1672 | D:2      | Reached XP level 4. HP: 27/27 MP: 4/4
  1752 | D:2      | Noticed Natasha
  1758 | D:2      | Killed Natasha
  2736 | D:2      | Reached XP level 5. HP: 29/31 MP: 5/5
  3290 | D:2      | Upgraded the game from 0.28-a0-407-g69098e2f6d to
                  | 0.28-a0-410-gbef64dd269
  3570 | D:3      | Noticed Ijyb
  3595 | D:3      | Killed Ijyb
  3596 | D:3      | Reached skill level 7 in Stealth
  3696 | D:3      | Reached skill level 1 in Armour
  3696 | D:3      | Reached XP level 6. HP: 36/36 MP: 6/6
  3716 | D:3      | Found a sparkling altar of Nemelex Xobeh.
  4260 | D:4      | Noticed Grinder
  4267 | D:4      | Paralysed by Grinder for 6 turns
  4270 | D:4      | HP: 1/36 [Grinder/nerve-wracking pain (5)]
  4272 | D:4      | Slain by Grinder

Illustrated notes

Levels and vault maps discovered:
D:1:      onia_arrival_zoo_common, layout_basic, serial_aquarium,
          aquarium_bridge_long_joined [aquarium_subvault_window,
          aquarium_subvault_bridge, aquarium_subvault_wall,
          aquarium_subvault_wall, aquarium_subvault_bridge,
          aquarium_subvault_bridge], aquarium_bridge_square
          [aquarium_subvault_balcony, aquarium_subvault_bridge,
          aquarium_subvault_bridge, aquarium_subvault_balcony],
          aquarium_window_corner, aquarium_window_2, aquarium_view_2c,
          aquarium_balcony_5a, aquarium_pool_double
D:2:      layout_loops_corners, uniq_natasha
D:3:      layout_loops_cross, mainiacjoe_overflow_cross_hatched,
          minmay_misc_feat_ornament, minmay_between, uniq_ijyb
D:4:      layout_cave_pools, mainiacjoe_overflow_small_starburst,
          hangedman_minor_gate_pass, uniq_duvessa, uniq_grinder

Skill      XL: |  1  2  3  4  5 |
---------------+----------------+-----
Stealth        | 6 7 |  7.1
Short Blades   | 3 4 |  4.1
Throwing       | 3 |  3.3
Armour         | 1 |  1.1
Dodging        | 2 |  2.0
Fighting       | |  2.6
Shields        | |  0.1

Action                   |  1- 3 |  4- 6 || total
-------------------------+-------+-------++-------
Melee: Dagger            |    64 |    66 ||   130
Throw: Dart              |    10 |    20 ||    30
 Stab: Sleeping          |    18 |    12 ||    30
       Distracted        |       |     1 ||     1
Armor: Robe              |     7 |       ||     7
       Ring mail         |     1 |    26 ||    27
Dodge: Dodged            |    33 |    26 ||    59
Block: Buckler           |     2 |     9 ||    11

Table legend: (Time is in decaauts)
 A = Elapsed time spent in this place.
 B = Non-inter-level travel time spent in this place.
 C = Inter-level travel time spent in this place.
 D = Time resting spent in this place.
 E = Time spent auto-exploring this place.
 F = Levels seen in this place.
 G = Mean time per level.
                   A        B        C        D        E       F      G
               +--------+--------+--------+--------+--------+-----+--------+
         Total |   4262 |   4150 |    112 |   1102 |   2303 |   4 | 1065.5 |
       Dungeon |   4262 |   4150 |    112 |   1102 |   2303 |   4 | 1065.5 |
               +--------+--------+--------+--------+--------+-----+--------+

Top non-repeatable levels by time:
     D:2: 2148 daAuts
     D:1: 1128 daAuts
     D:3: 928 daAuts
     D:4: 56 daAuts
